 Dungeon Crawl Stone Soup version 0.25-a0-110-ge29c8f2358 (webtiles) character file.

Game seed: 16061198179320588862, levelgen mode: deterministic

0 Gargoyl the Skirmisher (level 1, -11/19 HPs)
             Began as a Centaur Abyssal Knight on Nov 20, 2019.
             Was a Follower of Lugonu.
             Mangled by a tentacled starspawn (30 damage)
             ... on level 2 of the Abyss.
             The game lasted 00:00:29 (138 turns).

Gargoyl the Skirmisher (Centaur Abyssal Knight)      Turns: 138, Time: 00:00:29

Health: -11/19     AC:  4    Str: 14    XL:     1   Next: 0%
Magic:  2/2        EV:  9    Int: 14    God:    Lugonu [*.....]
Gold:   0          SH:  0    Dex:  8    Spells: 0/0 levels left

rFire    . . .     SeeInvis .   a - +1 hand axe
rCold    . . .     Gourm    .   (no shield)
rNeg     . . .     Faith    .   b - +0 leather armour
rPois    .         Spirit   .   (no helmet)
rElec    .         Reflect  .   (no cloak)
rCorr    .         Harm     .   (no gloves)
MR       .....                  (no barding)
Stlth    ..........             (no amulet)
HPRegen  0.00/turn              e - +3 ring of intelligence
MPRegen  0.08/turn              (no ring)

@: non-regenerating, diseased, very quick
A: large, hooves 3, deformed body, speed 2, tough skin 3
a: Depart the Abyss, Renounce Religion


You were on level 2 of the Abyss.
You worshipped Lugonu.
Lugonu was aware of your devotion.
You were not hungry.

You visited 0 branches of the dungeon, and saw 0 of its levels.
You visited the Abyss 1 time.

Inventory:

Hand Weapons
 a - a +1 hand axe (weapon)
Armour
 b - a +0 leather armour (worn)
 f - a +0 plate armour
Jewellery
 e - a +3 ring of intelligence (left hand)
Scrolls
 g - a scroll of summoning {unknown}
Potions
 d - a potion of haste {unknown}
Comestibles
 c - a ration


   Skills:
 + Level 3.0 Fighting
 + Level 1.7 Axes
 + Level 1.3 Armour
 + Level 0.6 Dodging
 + Level 2.0 Invocations


You couldn't memorise any spells.
You didn't know any spells.
Your spell library contained the following spells:

 Spells                   Type           Power        Failure   Level  Hunger
 Animate Skeleton         Necr           N/A          34%         1    ##.....
 Apportation              Tloc           #.....       34%         1    ##.....
 Confusing Touch          Hex            #.....       34%         1    ##.....
 Summon Small Mammal      Summ           #...         34%         1    ##.....


Dungeon Overview and Level Annotations

Branches:
Dungeon (0/15)

Altars:


Innate Abilities, Weirdness & Mutations

You have hooves in place of feet.
Armour fits poorly on your strangely shaped body.
You cover ground very quickly.
You have extremely tough skin. (AC +3)


Message History

Found 6 gold pieces.
You feel ill.
A tentacled starspawn comes into view.
Found a gateway leading out of the Abyss.
Tentacles burst from the starspawn's body! 2 starspawn tentacles come into view.
Tentacles burst from the starspawn's body! 2 starspawn tentacles come into view.
The starspawn tentacle closely misses you.
Found a plate armour.
Found a scroll labeled XAFFAAL ZAEZXAI.
You see here a plate armour.
f - a plate armour A tentacle flies out from the starspawn's body!
A starspawn tentacle comes into view.
You see here a scroll labeled XAFFAAL ZAEZXAI.
g - a scroll labeled XAFFAAL ZAEZXAI The tentacled starspawn bites you!!
Ouch! That really hurt!
You die...

##. ... #∩# .......
##...X....# .........
#. #..\ #.## ...#..#
##.#...w.#.#.##.#...#.
##..$#..#..#..........
# #.##. #..##... ..#
#..# ##
#.##w......#.#...# .
#.......# #..#X#.#...#
#.##......# #@.#..#.#
..# . .. #....#..#x..#
.. ..#.#..#..##.##.# #
# .##. x##....##......
.. . .. #.
#####..#.##..## . .#
##..##.# ... #.# .#
.... . .... .. #
........ #.#.##.. #..
. .# ..#.#. .#


You could see a tentacled starspawn and an ancient zyme.

Vanquished Creatures (others)
  6 starspawn tentacles (Abyss:2)
6 creatures vanquished.

Notes
Turn   | Place    | Note
-------+----------+-------------------------------------------
     0 | Abyss:1  | Gargoyl the Centaur Abyssal Knight began the quest for the
                  | Orb.
     0 | Abyss:1  | Reached XP level 1. HP: 19/19 MP: 2/2
     8 | Abyss:1  | Found a corrupted altar of Lugonu.
    78 | Abyss:2  | Found a corrupted altar of Lugonu.
    95 | Abyss:2  | Noticed an ancient zyme
   105 | Abyss:2  | Noticed a tentacled starspawn
   138 | Abyss:2  | Mangled by a tentacled starspawn

Levels and vault maps discovered:
Abyss:2

Action                   || total
-------------------------++-------
  Use: Scroll            ||     1
Dodge: Dodged            ||     1

Table legend:
 A = Non-vault XP
 B = Vault XP
 C = Vault XP percentage of total XP
 D = Non-vault monster count
 E = Vault monster count
 F = Vault count percentage of total count
                 A         B        C        D         E       F
            +---------+---------+-------+---------+---------+-------
      Total |       0 |       0 |   N/A |       0 |       0 |  -nan
            +---------+---------+-------+---------+---------+-------
            +---------+---------+-------+---------+---------+-------
